 Dungeon Crawl Stone Soup version 0.16.1-4-g8e1b745 (webtiles) character file.

24 inmateoo the Caller (level 3, 0/33 HPs)
             Began as an Ogre Summoner on Mar 27, 2015.
             Succumbed to a giant mite's poison
             ... on level 2 of the Dungeon.
             The game lasted 00:03:04 (1651 turns).

inmateoo the Caller (Ogre Summoner)                 Turns: 1651, Time: 00:03:04

Health: 0/33       AC:  3    Str: 14    XL:     3   Next: 2%
Magic:  3/6        EV: 15    Int: 14    God:
Gold:   17         SH:  0    Dex: 15    Spells: 2 memorised, 4 levels left

rFire  . . .     SeeInvis .     e - -1 club (curse)
rCold  + . .     Clarity  .     a - +0 robe
rNeg   . . .     SustAb   .     (shield restricted)
rPois  .         Gourm    .     (helmet restricted)
rElec  .         Spirit   .     (no cloak)
rCorr  .         Warding  .     (gloves unavailable)
rMut   .         Stasis   .     (boots unavailable)
MR     .....                    (no amulet)
Stlth  +++.......               (no ring)
                                i - ring of protection from cold

@: agile, lethally poisoned (0 -> -13), not resistant to hostile enchantments,
fairly stealthy
A: unfitting armour, tough skin 1
a: no special abilities


You were on level 2 of the Dungeon.
You were hungry.

You visited 1 branch of the dungeon, and saw 2 of its levels.

You collected 17 gold pieces.

Inventory:

Hand weapons
 d - a +0 club
 e - a cursed -1 club (weapon)
Missiles
 f - 4 curare-tipped needles
Armour
 a - a +0 robe (worn)
Jewellery
 i - a ring of protection from cold (left hand)
Scrolls
 k - a scroll of fear
Books
 b - a book of Callings

   Spells                             Type                      Level
   a - Summon Small Mammal            Summoning                    1
   b - Call Imp                       Summoning                    2
   c - Call Canine Familiar           Summoning                    3
   d - Summon Guardian Golem          Hexes/Summoning              4
   e - Summon Lightning Spire         Summoning/Air                4
   f - Summon Ice Beast               Ice/Summoning                4
Comestibles
 c - a meat ration
 j - a beef jerky


   Skills:
 * Level 1.3 Fighting
 * Level 1.5 Maces & Flails
 + Level 0.5 Armour
 + Level 2.1 Dodging
 - Level 1.5 Stealth
 + Level 2.6 Spellcasting
 - Level 2.9 Summonings


You had 4 spell levels left.
You knew the following spells:

 Your Spells              Type           Power        Failure   Level  Hunger
a - Summon Small Mammal   Summ           ##..         10%         1    #......
b - Call Imp              Summ           ##......     12%         2    ###....


Dungeon Overview and Level Annotations

Branches:
Dungeon (2/15)

Altars:


Innate Abilities, Weirdness & Mutations

You are too large for most types of armour.
You have tough skin (AC +1).


Message History

You are more poisoned.
The giant mite poisons you!
You hit the giant mite but do no damage.
The giant mite is heavily wounded.
* * * LOW HITPOINT WARNING * * *
You feel sick.
Your rat bites the giant mite but does no damage.
The giant mite barely misses you.
Your rat barely misses the giant mite.
Unknown command.
You hit the giant mite.
The giant mite is severely wounded.
* * * LOW HITPOINT WARNING * * *
You feel sick.
Your rat disappears in a puff of smoke!
Your bat hits the giant mite but does no damage.
Unknown command.
* * * LOW HITPOINT WARNING * * *
You feel sick.
Your bat barely misses the giant mite.
Unknown command.
You die...

......$.# .#......##
.........?
#..........
#.b........
#..........
#.s.........
#†.........
#@####....# #.# .
#.# ####.# #....# .
# ######...###
#.#<...#.#...#
#.####.#.#.#.###.
#......#.......#.#.#


You could see a giant mite and a friendly bat.

Vanquished Creatures
  A giant gecko (D:1)
  A giant cockroach (D:2)
  A hobgoblin (D:1)
  2 kobolds (D:1)
  4 bats
  2 giant newts (D:1)
  2 goblins (D:1)
  A rat (D:1)
14 creatures vanquished.

Vanquished Creatures (collateral kills)
  A giant gecko (D:1)
  A bat (D:1)
  5 goblins (D:1)
  A hobgoblin (D:1)
  A quokka (D:2)
  A giant newt (D:1)
  A kobold (D:1)
  2 rats (D:1)
13 creatures vanquished.

Vanquished Creatures (others)
  5 rats
5 creatures vanquished.

Grand Total: 32 creatures vanquished

Notes
Turn   | Place    | Note
--------------------------------------------------------------
     0 | D:1      | inmateoo, the Ogre Summoner, began the quest for the Orb.
     0 | D:1      | Reached XP level 1. HP: 16/16 MP: 3/3
   451 | D:1      | Reached skill level 1 in Fighting
   516 | D:1      | Reached XP level 2. HP: 11/27 MP: 3/5
   787 | D:1      | Learned a level 2 spell: Call Imp
  1159 | D:1      | Reached skill level 1 in Maces & Flails
  1642 | D:2      | Reached XP level 3. HP: 22/33 MP: 2/6
  1649 | D:2      | HP: 1/33 [poisoned by a giant mite]
  1651 | D:2      | Succumbed to a giant mite's poison

Action                   || total
-------------------------++-------
Melee: Unarmed           ||    28
       Club              ||    81
 Cast: Summon Small Mamm ||    24
  Use: Scroll            ||     3
       Potion            ||     1
 Stab: Sleeping          ||     1
  Eat: Chunk             ||     2
